 Dungeon Crawl Stone Soup version 0.21.1-1-g345015f (console) character file.

384 fly the Chiller (level 6, -3/36 HPs)
             Began as an Octopode Ice Elementalist on May 7, 2018.
             Slain by a bullfrog (7 damage)
             ... in a sewer.
             The game lasted 00:05:59 (5035 turns).

fly the Chiller (Octopode Ice Elementalist)         Turns: 5035, Time: 00:06:01

Health: -3/36      AC:  1    Str:  8    XL:     6   Next: 77%
Magic:  9/12       EV: 10    Int: 19    God:
Gold:   206        SH:  0    Dex: 12    Spells: 5/13 levels left

rFire    . . .     SeeInvis .   a - +4 quarterstaff (chaos)
rCold    . . .     Gourm    .   (shield currently unavailable)
rNeg     + . .     Faith    .   y - +0 hat
rPois    +         Spirit   .   (no amulet)
rElec    .         Reflect  .   c - ring of poison resistance
rCorr    .         Harm     .   q - ring of positive energy
MR       .....                  (no ring)
Stlth    +++.......             (no ring)
HPRegen  0.12/turn              (no ring)
MPRegen  0.13/turn              (no ring)
                                (no ring)
                                (no ring)

@: constricted, drained
A: almost no armour, stealthy swim, amphibious, 8 rings, constrict 8, camouflage
1, gelatinous body 1
a: no special abilities


You were in a sewer.
You were hungry.

You visited 1 branch of the dungeon, and saw 4 of its levels.
You also visited: Sewer.

You collected 206 gold pieces.

Inventory:

Hand Weapons
 a - a +4 quarterstaff of chaos (weapon)
Armour
 y - a +0 hat (worn)
Jewellery
 c - a ring of poison resistance (left tentacle)
 q - a ring of positive energy (right tentacle)
 r - an uncursed amulet of harm
Wands
 s - a wand of polymorph (6)
Scrolls
 d - 3 scrolls of remove curse {unknown}
 f - 3 scrolls of amnesia {unknown}
 h - a scroll of immolation {unknown}
 i - 6 scrolls of identify {unknown}
 j - 2 scrolls of fear {unknown}
 n - a scroll of teleportation {unknown}
 t - 2 scrolls of fog {unknown}
 u - a scroll of magic mapping {unknown}
Potions
 e - a potion of agility {unknown}
 g - 5 potions of brilliance {unknown}
 k - 2 potions of lignification {unknown}
 l - a potion of mutation {unknown}
 o - 2 potions of curing {unknown}
 p - a potion of degeneration {unknown}
 v - a potion of heal wounds {unknown}
Books
 m - a book of Frost

   Spells                             Type                      Level
   a - Freeze                         Ice                          1
   b - Throw Frost                    Conjuration/Ice              2
   c - Ozocubu's Armour               Charms/Ice                   3
   d - Throw Icicle                   Conjuration/Ice              4
   e - Summon Ice Beast               Ice/Summoning                4
Comestibles
 b - 5 rations


   Skills:
 - Level 2.0(1.3) Dodging
 - Level 2.6(2.0) Stealth
 - Level 4.0(3.3) Spellcasting
   Level 1.0(0.3) Conjurations
 + Level 6.2(5.5) Ice Magic


You had 5 spell levels left.
You knew the following spells:

 Your Spells              Type           Power        Failure   Level  Hunger
a - Summon Ice Beast      Ice/Summ       ##......     43%         4    ####...
f - Ozocubu's Armour      Chrm/Ice       ##......     14%         3    ###....
z - Freeze                Ice            ###.         1%          1    None


Dungeon Overview and Level Annotations

Branches:
Dungeon (4/15)
 Temple: D:4-7

Altars:
Ashenzari
Dithmenos
Sif Muna


Innate Abilities, Weirdness & Mutations

You cannot wear most types of armour.
You are very stealthy in the water. (Stealth+)
You are amphibious.
You can wear up to eight rings at the same time.
You can use your tentacles to constrict eight enemies at once.
Your skin changes colour to match your surroundings (Stealth+).
Your rubbery body absorbs attacks. (AC +1, EV +1)


Message History

You hit the ball python. You freeze the ball python.
You kill the ball python!
The bullfrog closely misses you. The bullfrog hits you.
The ball python misses you. The ball python constricts you.
The ball python barely misses you. The bullfrog hits you. x2
Unknown command.
Okay, then.
Casting: Freeze
Confirm with . or Enter, or press ? or * to list all spells.
Aiming: Freeze
Press: ? - help, Shift-Dir - straight line, f - bullfrog
Aim: a bullfrog You freeze the bullfrog.
The bullfrog is heavily wounded.
The bullfrog hits you. The ball python bites you.
The ball python constricts you. The ball python barely misses you.
The bullfrog hits you!
* * * LOW HITPOINT WARNING * * *
The bullfrog hits you!
You die...

.....#
#......#
....##
#......#
≈≈≈≈≈#
#≈≈#≈≈≈#
≈≈≈≈≈#
#≈≈≈≈≈≈#
≈≈≈≈≈#
#≈≈≈≈≈≈#
≈≈≈≈≈#
#≈≈≈≈≈≈#
≈≈≈≈≈#
#≈≈≈S#≈#
≈≈≈≈≈#
#≈≈SSFS#
≈≈≈≈≈#
#≈≈≈†@F#
....##
#≈≈≈≈.≈#
.†[.≈#
#≈≈≈≈≈≈#
†††.≈#
#≈≈≈≈≈≈#
≈≈†≈≈#
#≈≈≈≈≈≈#
≈≈≈≈≈#
#≈≈≈≈≈≈#
≈≈≈≈≈#
#≈≈≈≈≈≈#
≈≈≈≈≈#
#≈≈≈≈≈≈#
≈≈≈÷≈#
#####≈≈≈≈≈≈#


You could see 2 bullfrogs and 4 ball pythons.

Vanquished Creatures
  A howler monkey (D:4)
  An orc priest (D:4)
  An orc wizard (D:4)
  Crazy Yiuf (D:2)
  Jessica (D:2)
  Terence (D:2)
  3 gnolls (D:2)
  7 adders
  2 river rats (Sewer)
  4 oozes
  An adder skeleton (D:4)
  A worm (D:2)
  A dart slug (D:1)
  3 orcs
  5 ball pythons (Sewer)
  5 bats
  A giant cockroach (D:3)
  4 goblins
  4 hobgoblins
  3 jackals (D:1)
  4 kobolds
  3 quokkas
  5 frilled lizards
  A quokka skeleton (D:4)
  30 rats
93 creatures vanquished.

Notes
Turn   | Place    | Note
-------+----------+-------------------------------------------
     0 | D:1      | fly the Octopode Ice Elementalist began the quest for the Orb.
     0 | D:1      | Reached XP level 1. HP: 11/11 MP: 3/3
   272 | D:1      | Reached XP level 2. HP: 17/17 MP: 5/5
   634 | D:1      | Reached skill level 4 in Ice Magic
   924 | D:1      | Reached XP level 3. HP: 21/21 MP: 3/6
  1193 | D:1      | You fall through a shaft!
  1193 | D:2      | Noticed Jessica
  1236 | D:2      | Killed Jessica
  1368 | D:2      | Noticed Terence
  1378 | D:2      | Killed Terence
  1378 | D:2      | Reached XP level 4. HP: 22/27 MP: 3/9
  1594 | D:2      | Found a shattered altar of Ashenzari.
  1656 | D:2      | Reached XP level 5. HP: 17/31 MP: 4/10
  1688 | D:2      | Found a faded altar of an unknown god.
  1758 | D:2      | Found a deep blue altar of Sif Muna.
  1840 | D:2      | Found a runed door.
  1985 | D:2      | Noticed Crazy Yiuf
  1991 | D:2      | Learned a level 3 spell: Ozocubu's Armour
  2001 | D:2      | Killed Crazy Yiuf
  2632 | D:3      | Paralysed by fainting for 8 turns
  3384 | D:3      | Found a shadowy altar of Dithmenos.
  3552 | D:4      | Reached skill level 5 in Ice Magic
  3559 | D:4      | Learned a level 4 spell: Summon Ice Beast
  3772 | D:3      | Reached XP level 6. HP: 30/36 MP: 10/12
  4107 | D:4      | Found a glowing drain.
  4151 | Sewer    | Entered a sewer
  4733 | Sewer    | Reached skill level 6 in Ice Magic
  5035 | Sewer    | Slain by a bullfrog

Skill      XL: |  1  2  3  4  5  6 |
---------------+-------------------+-----
Ice Magic      | 4 5 6 |  6.2
Spellcasting   | 3 4 |  4.0
Dodging        | |  2.0
Stealth        | |  2.6
Conjurations   | |  1.0

Action                   |  1- 3 |  4- 6 || total
-------------------------+-------+-------++-------
Melee: Unarmed           |    15 |     6 ||    21
       Constrict         |     5 |     7 ||    12
       Tentacles         |     2 |     2 ||     4
       Quarterstaff      |       |    36 ||    36
 Cast: Freeze            |    32 |    99 ||   131
       Ozocubu's Armour  |       |     1 ||     1
 Stab: Sleeping          |     7 |    10 ||    17
  Eat: Chunk             |       |     9 ||     9
       Ration            |       |     1 ||     1
Armor: Skin              |     2 |    15 ||    17
Dodge: Dodged            |    21 |   105 ||   126
